 Dungeon Crawl Stone Soup version 0.27.1-34-g3ba077fa99 (webtiles) character file.

Game seed: 15001220613265020790

39 Gabide the Skirmisher (level 3, -6/29 HPs)
             Began as a Human Monk on Jan 18, 2022.
             Mangled by a gnoll (8 damage)
             ... on level 1 of the Dungeon.
             The game lasted 00:03:21 (2126 turns).

Gabide the Skirmisher (Human Monk)                  Turns: 2126, Time: 00:03:23

Health: -6/29      AC:  3    Str: 11    XL:     3   Next: 70%
Magic:  3/3        EV: 13    Int: 10    God:
Gold:   51         SH:  0    Dex: 16    Spells: 2/2 levels left

rFire    . . .     SeeInvis .   a - +0 spear
rCold    . . .     Faith    .   (no shield)
rNeg     . . .     Spirit   .   b - +0 robe
rPois    .         Reflect  .   (no helmet)
rElec    .         Harm     .   (no cloak)
rCorr    .         Rampage  .   e - +0 pair of gloves
Will     .....                  (no boots)
Stlth    ++........             (no amulet)
HPRegen  0.09/turn              (no ring)
MPRegen  0.08/turn              (no ring)

@: brilliant
A: no striking features
a: no special abilities


You were on level 1 of the Dungeon.
You visited 1 branch of the dungeon, and saw 2 of its levels.

You collected 51 gold pieces.

Inventory:

Hand Weapons
 a - a +0 spear (weapon)
Armour
 b - a +0 robe (worn)
 e - a +0 pair of gloves (worn)


   Skills:
 * Level 3.5 Fighting
 * Level 3.4 Polearms
 * Level 3.4 Dodging
 + Level 2.2 Stealth


You had 2 spell levels left.
You didn't know any spells.
Your spell library was empty.

Dungeon Overview and Level Annotations

Branches:
Dungeon (2/15)

Altars:


Message History

Unknown command.
You aren't carrying any potions.
You aren't carrying any scrolls.
Press: ? - help, v - describe, . - travel
Here: a gnoll, wielding a +0 spear (moderately wounded)
The floor.
Unknown command.
Reach: a) +0 spear
Press: ? - help, Dir - move target, f/p - gnoll
Aim: a gnoll, wielding a +0 spear (moderately wounded, about 32% to evade your +0 spear)
You reach to attack!
You hit the gnoll.
The gnoll is heavily wounded.
The gnoll barely misses you.
Reach: a) +0 spear
Press: ? - help, Dir - move target, f/p - gnoll
Aim: a gnoll, wielding a +0 spear (heavily wounded, about 32% to evade your +0 spear)
You reach to attack!
You hit the gnoll.
The gnoll is almost dead.
The gnoll hits you from afar with a +0 spear.
* * * LOW HITPOINT WARNING * * *
Reach: a) +0 spear
Press: ? - help, Dir - move target, f/p - gnoll
Aim: a gnoll, wielding a +0 spear (almost dead, about 32% to evade your +0 spear)
You reach to attack!
You closely miss the gnoll.
The gnoll is almost dead.
The gnoll hits you from afar with a +0 spear.
* * * LOW HITPOINT WARNING * * *
Reach: a) +0 spear
Press: ? - help, Dir - move target, f/p - gnoll
Aim: a gnoll, wielding a +0 spear (severely wounded, about 32% to evade your +0 spear)
You reach to attack!
You barely miss the gnoll.
The gnoll is severely wounded.
The gnoll barely misses you.
Reach: a) +0 spear
Press: ? - help, Dir - move target, f/p - gnoll
Aim: a gnoll, wielding a +0 spear (severely wounded, about 32% to evade your +0 spear)
You reach to attack!
You hit the gnoll but do no damage.
The gnoll is severely wounded.
The gnoll hits you from afar with a +0 spear!
You die...

# ############ ## ###########
##..........## .###.........#
#............#
..##.........###....P..P....#####
..##.........##..............#...
..............g.@.P......P......#
.#######.#######.................
## #.# #).............≈≈≈ # #.#
#..P......P..#.≈)≈ ## #g#
##>..........##.≈≈≈ .# #.#
#.)...P..P...##.... .# #.#
#.##........####... .# #.#
#.###.....#.......# .##### #.#
#.##..##########.##


You could see a gnoll.

Vanquished Creatures
  A gnoll (D:1)
  An adder (D:2)
  A bat (D:2)
  3 endoplasms (D:1)
  2 giant cockroaches (D:1)
  A goblin (D:1)
  A hobgoblin (D:1)
  2 kobolds (D:1)
  2 quokkas
  4 frilled lizards
  2 rats
20 creatures vanquished.

Notes
Turn   | Place    | Note
-------+----------+-------------------------------------------
     0 | D:1      | Gabide the Human Monk began the quest for the Orb.
     0 | D:1      | Reached XP level 1. HP: 18/18 MP: 1/1
   197 | D:1      | Reached XP level 2. HP: 24/24 MP: 2/2
   651 | D:1      | Found a faded altar of an unknown god.
  1338 | D:2      | Reached XP level 3. HP: 7/29 MP: 3/3
  2126 | D:1      | Mangled by a gnoll

Illustrated notes

Levels and vault maps discovered:
D:1:      dpeg_arrival_round_a, layout_rooms, ebering_ecumenical_altar_hall,
          hangedman_decor_push, minmay_misc_feat_plants,
          corexii_item_surrounded_by_moat, hex_intersection
D:2:      layout_rooms, serial_shops, shop

Action                   || total
-------------------------++-------
Melee: Spear             ||    81
  Use: Scroll            ||     4
       Potion            ||     2
 Stab: Sleeping          ||     1
Armor: Robe              ||     8
Dodge: Dodged            ||    43
